 Dungeon Crawl Stone Soup version 0.30.1 (webtiles) character file.

Game seed: 8299819546317916882

128 Arctor the Insei (level 5, 0/34 HPs)
             Began as an Octopode Transmuter on July 7, 2023.
             Slain by an orc wizard
             ... wielding a +0 dagger
              (3 damage)
             ... on level 3 of the Dungeon.
             The game lasted 00:02:37 (2398 turns).

Arctor the Insei (Octopode Transmuter)              Turns: 2398, Time: 00:02:37

Health: 0/34       AC:  1    Str:  9    XL:     5   Next: 11%
Magic:  7/9        EV: 13    Int: 17    God:
Gold:   165        SH:  0    Dex: 13    Spells: 5/9 levels left

rFire   . . .        g - +1 dagger (venom)
rCold   . . .        (no shield)
rNeg    . . .        (helmet restricted)
rPois   .            (no amulet)
rElec   .            a - ring of resist corrosion
rCorr   +            (no ring)
SInv    .            (no ring)
Will    .....        (no ring)
Stlth   ++           (no ring)
HPRegen 0.25/turn    (no ring)
MPRegen 0.11/turn    (no ring)
                     (no ring)

%: no passive effects
@: no status effects
A: almost no armour, amphibious, 8 rings, camouflage 1, gelatinous body 1,
(nimble swimmer 1), tentacles
a: no special abilities


You were on level 3 of the Dungeon.
You visited 1 branch of the dungeon, and saw 3 of its levels.

You collected 165 gold pieces.

Inventory:

Hand Weapons
 f - a +2 dagger of speed
 g - a +1 dagger of venom (weapon)
Jewellery
 a - a ring of resist corrosion (left tentacle)
Scrolls
 d - 3 scrolls of identify {unknown}
 i - 3 scrolls of teleportation
 j - a scroll of acquirement {unknown}
Potions
 b - 4 potions of curing {unknown}
 c - a potion of flight {unknown}
 e - 2 potions of brilliance {unknown}
 h - a potion of mutation {unknown}


   Skills:
 + Level 2.2 Fighting
 + Level 2.9 Dodging
 + Level 3.6 Unarmed Combat
 + Level 2.7 Spellcasting
 + Level 2.8 Transmutations


You had 5 spell levels left.
You knew the following spells:

 Your Spells              Type           Power      Damage    Failure   Level
a - Beastly Appendage     Tmut           22%        N/A       6%          1
b - Spider Form           Tmut/Pois      7%         N/A       30%         3

Your spell library contained the following spells:

 Spells                   Type           Power      Damage    Failure   Level
 Wereblood                Tmut           11%        N/A       9%          2
 Summon Small Mammal      Summ           8%         N/A       19%         1
 Call Canine Familiar     Summ           2%         N/A       47%         3
 Portal Projectile        Hex/Tloc       4%         N/A       47%         3
 Summon Guardian Golem    Hex/Summ       2%         N/A       47%         3
 Tukima's Dance           Hex            2%         N/A       47%         3
 Ice Form                 Ice/Tmut       7%         N/A       69%         4
 Blade Hands              Tmut           5%         N/A       85%         5


Dungeon Overview and Level Annotations

Branches:
Dungeon (3/15)

Altars:


Innate Abilities, Weirdness & Mutations

You cannot wear most types of armour.
You are amphibious.
You can wear up to eight rings at the same time.
Your skin changes colour to match your surroundings (Stealth+).
Your rubbery body absorbs attacks. (AC +1, EV +1)
((You are camouflaged when in or above water. (Stealth+)))
You have tentacles for arms and can constrict up to eight enemies at once.


Message History

The orc wizard hits you with a +0 dagger.
You're too confused to move!
The orc wizard casts a spell at you. The puff of flame misses you.
You bump into the rock wall.
You feel less confused.
The orc wizard casts a spell.
The orc wizard flickers and vanishes!
Deactivating autopickup; reactivate with Ctrl-A.
You miss something. Something barely misses you.
The orc wizard mumbles some strange words.
The orc wizard flickers and vanishes!
Your magical contamination has completely faded away.
You miss something. Something hits you.
You hit something. Your squeeze misses something. Something hits you.
You barely miss something. Your squeeze misses something. Something hits you.
You hit something but do no damage. Something hits you.
You hit something. You barely miss the orc. You grab the orc.
You squeeze the orc.
The orc is almost dead.
You constrict the orc.
You kill the orc!
You barely miss something. Your squeeze misses something.
Reactivating autopickup.
You feel a bit more experienced.
You have reached level 5!
You feel agile.
Items here: )) [ †.
Deactivating autopickup; reactivate with Ctrl-A.
You hit something. You squeeze something.
You hear some strange, mumbled words.
A puff of flame appears from out of thin air!
The puff of flame hits you!
You miss something.
You hear some strange, mumbled words.
A magic dart appears from out of thin air!
The magic dart hits you!
* * * LOW HITPOINT WARNING * * *
You miss something. Something hits you.
You die...

########################
....<...................
######.#########.#######
.............# #.#
#####...####.# #.# #...#
#.# ##.#####.# #.#
######.......# #@#
....†...###### #{#
.######.#


oob #.# ..B.# #.#####.# #....# #.......# ###.#. ######..###### #.#. ##......#
#.#.# #.####..# You could see 2 orcs, a giant cockroach and a bat.

Vanquished Creatures
  An orc wizard (D:3)
  Robin (D:2)
  An adder (D:2)
  2 dart slugs (D:2)
  2 worms (D:2)
  An orc (D:3)
  6 bats
  6 endoplasms
  4 giant cockroaches
  15 goblins
  7 hobgoblins
  2 jackals (D:1)
  7 kobolds
  A quokka (D:2)
  A ball python (D:1)
  4 frilled lizards (D:1)
  6 rats
67 creatures vanquished.

Notes
Turn   | Place    | Note
-------+----------+-------------------------------------------
     0 | D:1      | Arctor the Octopode Transmuter began the quest for the Orb.
     0 | D:1      | Reached XP level 1. HP: 13/13 MP: 3/3
   295 | D:1      | Reached XP level 2. HP: 17/18 MP: 3/5
   682 | D:1      | Reached XP level 3. HP: 14/23 MP: 4/6
   686 | D:1      | Learned a level 3 spell: Spider Form
   996 | D:1      | Found a faded altar of an unknown god.
  1506 | D:2      | Reached XP level 4. HP: 25/29 MP: 5/7
  1570 | D:2      | Noticed Robin
  1600 | D:2      | Killed Robin
  2395 | D:3      | Reached XP level 5. HP: 22/34 MP: 7/9
  2398 | D:3      | Slain by an orc wizard

Illustrated notes

Levels and vault maps discovered:
D:1:      giann_wishing_wells, layout_loops_ring,
          hellmonk_ecumenical_altar_inner_sanctum,
          chequers_serial_rivers_small_3, st_stairs_6
D:2:      layout_basic, uniq_robin
D:3:      layout_basic, gammafunk_ghost_cemetery, minmay_ruptured

Skill      XL: |  1  2  3  4 |
---------------+-------------+-----
Fighting       | 2 |  2.2
Dodging        | |  2.9
Unarmed Combat | |  3.6
Spellcasting   | |  2.7
Transmutations | |  2.8

Action                     |  1- 3 |  4- 6 || total
---------------------------+-------+-------++-------
  Melee: Unarmed           |    15 |       ||    15
         Constrict         |    21 |    11 ||    32
         Kick              |    22 |    12 ||    34
         Tentacles         |     9 |     6 ||    15
         Dagger            |    57 |    68 ||   125
         Punch             |       |     1 ||     1
   Cast: Beastly Appendage |    40 |    15 ||    55
    Use: Scroll            |     1 |       ||     1
         Potion            |       |     1 ||     1
   Stab: Sleeping          |     6 |     2 ||     8
 Armour: Skin              |    12 |    27 ||    39
  Dodge: Dodged            |    61 |    22 ||    83
